 Dungeon Crawl Stone Soup version 0.30.0-20-g3615ddf2f0 (webtiles) character file.

Game seed: 8972478764531804343

85 qw the Chopper (level 4, -6/28 HPs)
             Began as a Gargoyle Fighter on June 1, 2023.
             Killed by divine providence
             ... invoked by an orc priest
              (14 damage)
             ... on level 3 of the Dungeon.
             The game lasted 00:00:58 (1838 turns).

qw the Chopper (Gargoyle Fighter)                   Turns: 1838, Time: 00:00:58

Health: -6/28      AC: 11    Str: 21    XL:     4   Next: 48%
Magic:  4/4        EV:  9    Int:  9    God:
Gold:   107        SH:  4    Dex:  9    Spells: 3/3 levels left

rFire   + . .        Y - +1 war axe
rCold   + . .        c - +0 buckler
rNeg    + . .        b - +0 scale mail
rPois   inf          i - +0 helmet
rElec   +            m - scarf {rC+ rF+}
rCorr   .            (no gloves)
SInv    .            (no boots)
Will    .....        (no amulet) Stlth
                     (no ring)
HPRegen 0.24/turn    (no ring)
MPRegen 0.09/turn

%: no passive effects
@: no status effects
A: sickness immunity, AC +3, negative energy resistance 1, electricity
resistance, torment resistance 1, petrification resistance
a: no special abilities


You were on level 3 of the Dungeon.
You visited 1 branch of the dungeon, and saw 3 of its levels.

You collected 107 gold pieces.


Innate Abilities, Weirdness & Mutations

You are immune to sickness and miasma.
Your stone body is resilient. (AC +3)
You are immune to poison.
You resist negative energy. (rN+)
You are resistant to electric shocks. (rElec)
You are resistant to unholy torment.
You are immune to petrification.


   Skills:
 - Level 3.2 Fighting
 + Level 4.1 Axes
 - Level 3.2 Armour
 - Level 3.2 Shields


You had 3 spell levels left.
You didn't know any spells.
Your spell library was empty.

Inventory:

Hand Weapons
 f - a +0 morningstar
 Y - a +1 war axe (weapon)
Missiles
 e - 3 boomerangs (quivered)
Armour
 b - a +0 scale mail (worn)
 c - a +0 buckler (worn)
 i - a +0 helmet (worn)
 m - a scarf of resistance (worn)
Jewellery
 n - a ring of ice
Scrolls
 a - a scroll of identify
 g - 2 scrolls of poison {unknown}
Potions
 d - a potion of might
 h - a potion of lignification
 j - a potion of curing
 l - a potion of attraction
 p - a potion of heal wounds {unknown}

Dungeon Overview and Level Annotations

Branches:
Dungeon (3/15)

Altars:


Message History

Enter note:
Enter note: You throw a boomerang.
The boomerang hits the orc.
The orc is severely wounded.
An orc comes into view. It is wielding a +0 flail.
The orc priest looks encouraged for a moment.
Enter note:
Enter note:
Enter note:
Enter note: You slash the orc priest!
The orc priest is almost dead.
The orc priest mumbles some strange prayers to Beogh against you.
Beogh smites you!
Ouch! That really hurt!
You closely miss the orc priest.
The orc priest is almost dead.
The orc priest barely misses you.
You closely miss the orc priest.
The orc priest is almost dead.
You completely miss the orc. The orc hits you but does no damage.
The orc priest closely misses you.
You slash the orc!
You kill the orc!
You hit the orc. You block the orc's attack.
The orc priest looks satisfied for a moment.
You closely miss the orc.
The orc is severely wounded.
The orc barely misses you.
You barely miss the orc priest.
The orc priest is almost dead.
You barely miss the orc. The orc hits you but does no damage.
The orc priest hits you but does no damage.
The orc hits you with a +0 flail.
The orc priest mumbles some strange prayers to Beogh against you.
Beogh smites you!
Ouch! That really hurt!
You die...

#........#.......
#.######.#.###### #.#
#.#%# # #.# #.#.# #
####.# ####'#'#### #
..#.# #.........# #
######.#.# #.........# #
.......#.###.........###
#o@....>...........
#.....o)........#.######
..........##........# #
.......#..##....#.#...##
#.........##.#.##.###.##
+.....<...##.#.##.# .#
#.........##.#.##.# ..
###.... ..##.#.##.# ..
#.# ..


You could see an orc priest and an orc.

Vanquished Creatures
  2 adders
  2 worms (D:2)
  2 dart slugs (D:1)
  An orc (D:3)
  6 ball pythons
  4 bats
  3 endoplasms (D:1)
  3 giant cockroaches (D:1)
  7 goblins
  8 hobgoblins
  3 kobolds
  3 quokkas
  2 frilled lizards (D:1)
  7 rats
53 creatures vanquished.

Notes
Turn   | Place    | Note
-------+----------+-------------------------------------------
     0 | D:1      | qw the Gargoyle Fighter began the quest for the Orb.
     0 | D:1      | Reached XP level 1. HP: 14/14 MP: 1/1
     0 | D:1      | 0 ||| qw: Version: 0.2-a-102-gfc559e5
     0 | D:1      | 0 ||| qw: Game counter: 672
     0 | D:1      | 0 ||| qw: Always use a shield: true
     0 | D:1      | 0 ||| qw: God list: Okawaru
     0 | D:1      | 0 ||| qw: Allow faded altars: false
     0 | D:1      | 0 ||| qw: Do Orc after D:15 true
     0 | D:1      | 0 ||| qw: Do second Lair branch before Depths: true
     0 | D:1      | 0 ||| qw: Lair rune preference: random
     0 | D:1      | 0 ||| qw: Plans: Normal, Zot:1-4, Slime:5, God:TSO, Crypt,
                  | Tomb, Pan, Hells, Abyss, Win
     0 | D:1      | 0 ||| PLANNING D:1-11
    29 | D:1      | Reached skill level 2 in Axes
    50 | D:1      | Found a faded altar of an unknown god.
   122 | D:1      | Reached XP level 2. HP: 19/19 MP: 2/2
   157 | D:1      | 157 ||| Stepping ~*~*~tactically~*~*~ (stealth).
   252 | D:1      | 252 ||| Stepping ~*~*~tactically~*~*~ (stealth).
   259 | D:1      | 259 ||| Stepping ~*~*~tactically~*~*~ (hiding).
   264 | D:1      | Reached skill level 3 in Axes
   267 | D:1      | Reached XP level 3. HP: 20/23 MP: 3/3
   329 | D:1      | 329 ||| DROPPING +0 club.
   556 | D:1      | 556 ||| UPGRADING to +0 helmet.
   561 | D:1      | 561 ||| UPGRADING to scarf of resistance.
   566 | D:1      | 566 ||| READING 3 scrolls labelled LEKODGHE WYUHE.
   567 | D:1      | 567 ||| READING 2 scrolls of identify.
   567 | D:1      | 567 ||| IDENTIFYING fuming silvery potion
   568 | D:1      | 568 ||| DROPPING potion of magic.
   841 | D:2      | Reached XP level 4. HP: 28/28 MP: 4/4
   841 | D:2      | 841 ||| Stepping ~*~*~tactically~*~*~ (stealth).
   848 | D:2      | 848 ||| Stepping ~*~*~tactically~*~*~ (stealth).
  1533 | D:2      | 1533 ||| DROPPING orb of energy.
  1534 | D:2      | 1534 ||| READING scroll labelled SOPYQARCHAI.
  1537 | D:2      | 1537 ||| READING scroll labelled VUSUEP KAIXU.
  1538 | D:2      | 1538 ||| READING scroll labelled EBEULE SURA.
  1539 | D:2      | 1539 ||| DRINKING 2 dark potions.
  1540 | D:2      | 1540 ||| READING 3 scrolls of identify.
  1540 | D:2      | 1540 ||| IDENTIFYING fizzy green potion
  1541 | D:2      | 1541 ||| READING 2 scrolls of identify.
  1541 | D:2      | 1541 ||| IDENTIFYING black potion
  1649 | D:3      | Reached skill level 4 in Axes
  1674 | D:3      | 1674 ||| DROPPING +0 mace.
  1838 | D:3      | Killed from afar by an orc priest

Levels and vault maps discovered:
D:1:      sevenhm_arrival_forest_fort_small_3, layout_rooms,
          hellmonk_ecumenical_altar_slurped_away
D:2:      layout_basic, roderic_serpentine_path
D:3:      layout_basic, hex_tiny, chequers_serial_rivers_large_a

Skill      XL: |  1  2  3  4 |
---------------+-------------+-----
Axes           | 2 3 4 |  4.1
Fighting       | |  3.2
Armour         | |  3.2
Shields        | |  3.2

Action                     |  1- 3 |  4- 6 || total
---------------------------+-------+-------++-------
  Melee: War axe           |    85 |    36 ||   121
  Throw: Boomerang         |    20 |    21 ||    41
    Use: Scroll            |     2 |     5 ||     7
         Potion            |       |     1 ||     1
 Armour: Scale mail        |    32 |    14 ||    46
  Dodge: Dodged            |    47 |    19 ||    66
  Block: Buckler           |    19 |     8 ||    27

Table legend:
 A = Non-vault XP
 B = Vault XP
 C = Vault XP percentage of total XP
 D = Non-vault monster count
 E = Vault monster count
 F = Vault count percentage of total count
                 A         B        C        D         E       F
            +---------+---------+-------+---------+---------+-------
      Total |     120 |       2 |   1.6 |      52 |       1 |   1.9
            +---------+---------+-------+---------+---------+-------
        D:1 |      52 |       2 |   3.7 |      28 |       1 |   3.4
        D:2 |      40 |       0 |   0.0 |      15 |       0 |   0.0
        D:3 |      28 |       0 |   0.0 |       9 |       0 |   0.0
            +---------+---------+-------+---------+---------+-------
